AoeStats
← ☣Mardo☣

Nomad

510105678Analyzed
2v2 RM · 2d ago on Sep 29, 2026· 60m 7s· 4 players
Game mode
Random Map
Map size
176×176
Population
200
Speed
Normal
Resources
Standard
Victory
Conquest
Starting age
Dark Age
Ending age
Imperial Age
RankedLock teamsTeams togetherTeam positionsShared explorationLock speedFull tech treeHidden civsTurbo modeCheats
Victory
Defeat
🇷🇺 Saxons · Russia
1039
+15
🇷🇺 Saracens · Russia
1029
+15
🇸🇰 Persians · Slovakia
1009
-15
🇨🇿 Wu · Czechia
1008
-15
☣Mardo☣
11:12 Loom
13:37 Feudal Age
19:58 Castle Age
18:28 Fletching
19:45 Demolition Ship
20:38 Medium Warships
20:27 Double-Bit Axe
23:27 Parthian Tactics
25:07 Wheelbarrow
25:06 Horse Collar
28:25 Bloodlines
30:08 Husbandry
32:58 Elite Skirmisher
32:58 Crossbowman
36:41 Imperial Age
35:39 Hand Cart
36:45 Scale Barding Armor
36:50 Forging
36:41 Padded Archer Armor
36:36 Bodkin Arrow
37:46 Light Cavalry
39:04 Ballistics
39:14 Town Watch
40:41 Chemistry
40:53 Kamandaran
41:40 Conscription
41:19 Crossbowman
42:25 Cavalier
43:48 Leather Archer Armor
43:54 Chain Barding Armor
44:00 Thumb Ring
50:03 Savar
54:15 Squires
ElaRyer
5:41 Loom
14:14 Feudal Age
14:39 Double-Bit Axe
21:02 Castle Age
19:29 Fishing Lines
21:00 Scale Barding Armor
24:02 Wheelbarrow
23:38 Bow Saw
26:24 Bloodlines
27:04 Hand Cart
28:29 Chain Barding Armor
29:01 Horse Collar
30:28 Husbandry
32:59 Gold Mining
33:03 Stone Mining
34:09 Fletching
34:48 Bodkin Arrow
40:02 Padded Archer Armor
40:28 Ballistics
40:31 Red Cliffs Tactics
46:46 Imperial Age
44:40 Heavy Plow
48:36 Chemistry
47:58 Bracer
49:32 Town Watch
50:34 Elite Fire Archer
54:39 Pikeman
Antony
11:25 Loom
13:37 Feudal Age
20:47 Castle Age
19:08 Double-Bit Axe
20:10 Forging
20:04 Horse Collar
21:44 Medium Warships
24:37 Fletching
34:59 Gold Mining
36:15 Bodkin Arrow
37:12 Crossbowman
38:03 Padded Archer Armor
39:08 Thumb Ring
39:22 Arson
39:38 Squires
40:59 Bow Saw
41:27 Wheelbarrow
42:47 Pikeman
46:43 Imperial Age
44:13 Gambesons
45:44 Leather Archer Armor
46:04 Iron Casting
45:27 Elite Skirmisher
46:50 Fishing Lines
47:27 Bracer
47:57 Heavy Plow
47:55 Halberdier
52:06 Two-Man Saw
51:38 Crop Rotation
51:44 Gold Shaft Mining
51:50 Conscription
51:52 Scale Mail Armor
51:56 Town Watch
53:27 Iron Casting
53:44 Chain Mail Armor
54:37 Gold Shaft Mining
57:14 Ring Archer Armor
57:06 Ballistics
58:39 Chemistry
60:52 Plate Mail Armor
apokalipsis
15:39 Feudal Age
19:32 Castle Age
17:25 Double-Bit Axe
17:28 Fishing Lines
21:38 Wheelbarrow
21:29 Loom
22:33 Bow Saw
22:38 Scale Barding Armor
22:44 Forging
23:05 Fletching
25:28 Husbandry
27:19 Bloodlines
29:59 Iron Casting
29:08 Horse Collar
33:31 Hand Cart
33:09 Gold Mining
35:30 Chain Barding Armor
36:30 Bodkin Arrow
40:17 Imperial Age
38:41 Light Cavalry
42:57 Imperial Age
41:40 Ballistics
43:42 Bimaristan
43:17 Hussar
45:07 Blast Furnace
44:32 Conscription
43:51 Elite Mameluke
46:47 Chemistry
51:49 Plate Barding Armor
53:41 Town Watch
56:05 Heavy Plow
56:57 Hoardings
58:29 Two-Man Saw
58:06 Gold Shaft Mining
58:29 Masonry
59:10 Counterweights
59:46 Town Patrol
Connection lost

Rejoining the realm…

Still unreachable

The connection could not be restored.

Session expired

The server has moved on; the page needs a fresh start.